 Dungeon Crawl Stone Soup version 0.17-a0-2014-g32cd421 (webtiles) character file.

257042 wvc the Fencer (level 19, 0/183 HPs)
             Began as a Minotaur Monk on Oct 9, 2015.
             Was the Champion of Cheibriados.
             Slain by a tengu reaver
             ... wielding a +2 war axe of freezing
             ... led by Sojobo
              (4 damage)
             ... on level 1 of the Depths.
             The game lasted 01:25:52 (31477 turns).

wvc the Fencer (Minotaur Monk)                     Turns: 31477, Time: 01:25:54

Health: 0/183      AC: 15    Str: 39    XL:     19   Next: 8%
Magic:  23/25      EV: 24    Int: 22    God:    Cheibriados [******]
Gold:   506        SH: 20    Dex: 34    Spells: 3 memorised, 9 levels left

rFire  + . .     SeeInvis +     a - +7 Screaming Sword
rCold  + . .     Clarity  .     V - +0 plate armour of the Hills {rElec rPois Str+3 Slay+2} (curse)
rNeg   . . .     SustAt   .     Q - +2 shield {AC+3}
rPois  +         Gourm    .     Z - +2 hat
rElec  +         Spirit   .     q - +0 cloak of the Evening Star {Regen+}
rCorr  .         Warding  .     T - +2 pair of gloves {Str+3}
rMut   .         Rnd*Tele +     s - +2 pair of boots {Fly}
MR     +....                    Y - amulet of regeneration
Stlth  ..........               U - ring of protection from fire
                                c - ring of protection from cold

@: about to teleport, corroded equipment, very slightly contaminated, very slow,
somewhat resistant to hostile enchantments, extremely unstealthy
A: retaliatory headbutt, horns 2, see invisible, poison resistance, teleportitis
1
a: Bend Time, Temporal Distortion, Slouch, Step From Time, Renounce Religion,
Evoke Flight
}: 2/15 runes: decaying, serpentine


You were on level 1 of the Depths.
You worshipped Cheibriados.
Cheibriados was exalted by your worship.
You were very full.

You visited 7 branches of the dungeon, and saw 37 of its levels.
You also visited: Labyrinth and Sewer.

You collected 2932 gold pieces.
You spent 2426 gold pieces at shops.

Inventory:

Hand Weapons
 a - the +7 Screaming Sword (weapon)
   (You found it on level 5 of the Dungeon)
 b - a +0 scimitar of flaming
 W - a +9 great sword of holy wrath
Missiles
 k - 987 stones (quivered)
Armour
 q - the +0 cloak of the Evening Star (worn) {Regen+}
   (You found it in a labyrinth)

   It increases your rate of regeneration.
 s - a +2 pair of boots of flying (worn)
 M - a +3 troll leather armour
 Q - a +2 shield of protection (worn)
 T - a +2 pair of gloves of strength (worn)
 V - the cursed +0 plate armour of the Hills (worn) {rElec rPois Str+3 Slay+2}
   (You bought it in a shop on level 1 of the Snake Pit)

   It affects your strength (+3).
   It affects your accuracy and damage with ranged weapons and melee attacks
   (+2).
   It insulates you from electricity.
   It protects you from poison.
   It has a curse placed upon it.
 Z - a +2 hat (worn)
Jewellery
 c - a ring of protection from cold (left hand)
 r - an uncursed ring of poison resistance
 U - a ring of protection from fire (right hand)
 Y - an amulet of regeneration (around neck)
Wands
 g - a wand of paralysis (17)
 I - a wand of digging (13)
Scrolls
 h - 22 scrolls of remove curse
 n - a scroll of holy word
 t - a scroll of fear
 w - 5 scrolls of immolation
 y - 7 scrolls of fog
 z - 7 scrolls of magic mapping
 H - 17 scrolls of identify
 J - 2 scrolls of teleportation
 K - a scroll of silence
 O - 5 scrolls of amnesia
 P - 6 scrolls of recharging
 R - 3 scrolls of enchant weapon
 X - a scroll of blinking
Potions
 d - 4 potions of resistance
 e - 3 potions of flight
 i - 2 potions of ambrosia
 j - 4 potions of agility
 p - 12 potions of curing
 u - 7 potions of might
 v - 4 potions of magic
 x - 2 potions of cancellation
 S - 3 potions of brilliance
Miscellaneous
 m - a fan of gales
 L - a phial of floods
Comestibles
 f - 10 meat rations
 C - 17 bread rations
 N - 21 fruits


   Skills:
 + Level 19.5 Fighting
 - Level 20.0 Long Blades
 + Level 15.5 Armour
 + Level 13.3 Dodging
 - Level 1.5 Stealth
 - Level 15.0 Shields
 - Level 9.8 Unarmed Combat
 + Level 0.2 Translocations
 - Level 10.2 Invocations


You had 9 spell levels left.
You knew the following spells:

 Your Spells              Type           Power        Failure   Level  Hunger
a - Deflect Missiles      Chrm/Air       #.........   100%        6    #######
b - Blink                 Tloc           N/A          86%         2    ###....
c - Apportation           Tloc           #.........   65%         1    ##.....


Dungeon Overview and Level Annotations

Branches:
Dungeon (15/15)            Temple (1/1) D:5            Lair (8/8) D:8
  Swamp (4/4) Lair:3        Snake (4/4) Lair:6        Slime (0/6) Lair:7
    Orc (4/4) D:12         Vaults (0/5) D:13         Depths (1/5) D:15
    Elf: Orc:3-4

Altars:
Ashenzari
Cheibriados
Elyvilon
Fedhas
Gozag
Kikubaaqudgha
Makhleb
Nemelex Xobeh
Okawaru
Sif Muna
Vehumet
Xom
Yredelemnul
Zin
The Shining One
Jiyva

Shops:
D:11 !   Orc:1 :   Orc:4 (=[*   Snake:1 [%:%*

Portals:
Hell: Depths:1

Annotations:
Lair:7 exclusion: oklob plant
Orc:2 Sonja
Depths:1 Sojobo


Innate Abilities, Weirdness & Mutations

You reflexively headbutt those who attack you in melee.
You have a pair of horns on your head.
You have supernaturally acute eyesight.
Your system is resistant to poisons.
You are occasionally teleported to nearby monsters.


Message History

Okay, then.
Read which item? (? for menu, Esc to quit)
Blink to where?
Press: ? - help, Dir - move target cursor You are very lightly contaminated with residual magic.
As you read the scroll of blinking, it crumbles to dust.
Your surroundings suddenly seem different.
Sojobo shouts!
The tengu reaver shouts!
The tengu reaver shouts!
Sojobo waves his feathered arms in wide circles.
The air twists around and strikes you!
* * * LOW HITPOINT WARNING * * *
Unknown command.
Read which item? (? for menu, Esc to quit)
As you read the scroll of teleportation, it crumbles to dust.
You feel strangely unstable.
The Screaming Sword bellows like a enraged carnivore.
Sojobo and the tengu reavers are hurt by the noise.
You hear a shout! x2
You block the tengu reaver's attack. The tengu reaver pecks you.
You die...

.#..... ..
....... .#
.#..... Q#
....... .##
.#..... ..
......Q#'#####.
.......Q.......
.......@.......
...............
...............
...............
###############


You could see Sojobo and 2 tengu reavers.

Vanquished Creatures
  the Lernaean hydra (Swamp:4)
  Norris (Depths:1)
  10 greater nagas (Snake:4)
  Kirke (D:14)
  Donald (Orc:4)
  Maud (Lair:6)
  Aizul (Snake:1)
  Louise (Snake:1)
  3 very ugly things (Depths:1)
  2 stone giants
  Azrael (Snake:1)
  8 vault guards (D:13)
  2 ettins (Orc:4)
  Snorg (D:12)
  A minotaur (Lab)
  Fannar (D:10)
  A ghost crab (Swamp:2)
  3 ice dragons
  3 catoblepae (Lair:8)
  15 naga warriors
  14 anacondas
  2 centaur warriors
  23 hydras
  7 alligators
  2 deep troll earth magi (Depths:1)
  2 tengu warriors (D:15)
  2 deep troll shamans (Depths:1)
  22 death yaks
  An ogre mage (Depths:1)
  13 naga sharpshooters
  17 shock serpents
  A salamander mystic (Snake:2)
  5 skeletal warriors (D:14)
  9 sea snakes (Snake:4)
  3 spriggan druids
  A giant orange brain (D:15)
  20 swamp dragons
  6 naga ritualists
  4 deep trolls (Depths:1)
  2 orc knights
  A shambling mangrove (Swamp:2)
  Pikel (D:4)
  A wizard (D:14)
  11 hill giants
  A wolf spider zombie (D:12)
  A griffon (Lair:5)
  An unseen horror (D:13)
  10 ugly things
  An orc sorcerer (Orc:3)
  7 mana vipers
  5 guardian serpents
  33 black mambas
  9 salamanders
  7 hornets
  10 cyclopes
  9 elephants
  Joseph (D:10)
  7 gargoyles
  17 naga magi
  An elephant (shapeshifter) (D:15)
  Psyche (D:9)
  A torpor snail (Lair:5)
  An efreet (D:15)
  2 yaktaurs
  18 spiny frogs
  6 trolls
  4 komodo dragons
  A fire drake (Lair:5)
  2 two-headed ogres (D:12)
  9 bog bodies
  A queen bee (Lair:2)
  A polar bear (Lair:2)
  20 blink frogs
  4 giant leeches
  A trapdoor spider zombie (D:13)
  A raiju (shapeshifter) (D:14)
  30 slime creatures
  A centaur simulacrum (D:15)
  Sigmund (D:5)
  A trapdoor spider (D:13)
  A deep elf mage (D:12)
  A wyvern (D:9)
  5 hogs (D:14)
  7 spriggans
  5 shadows
  42 yaks
  A wraith (D:10)
  4 fire elementals (Snake:1)
  5 mottled dragons
  52 nagas
  19 wolves
  9 hippogriffs
  A basilisk (Lair:5)
  19 swamp worms
  2 hungry ghosts
  14 vampire mosquitoes
  2 wargs
  8 insubstantial wisps
  A water moccasin (shapeshifter) (D:15)
  14 water moccasins
  13 porcupines
  Duvessa (D:4)
  2 hell hounds (Snake:1)
  4 ice beasts
  16 swamp drakes
  3 black bears
  2 slaves (D:4)
  3 phantoms
  6 necrophages
  5 sky beasts
  12 orc warriors
  6 wasps
  13 centaurs
  9 ogres
  6 big kobolds
  16 crocodiles
  25 giant frogs
  Blork the orc (D:5)
  3 wyvern zombies
  An elf skeleton (D:10)
  Dowan (D:4)
  12 jellies
  10 scorpions
  4 wights (D:12)
  37 killer bees
  A troll skeleton (Swamp:3)
  2 troll zombies (Swamp:3)
  12 crimson imps
  9 electric eels
  4 centaur zombies
  A giant frog zombie (D:12)
  12 hounds
  2 quasits
  5 human zombies (D:10)
  11 iguanas
  34 orc wizards
  3 centaur skeletons
  A giant frog skeleton (D:6)
  29 orc priests
  A human skeleton (D:10)
  2 killer bee zombies
  11 sheep
  8 worker ants
  An ogre skeleton (D:10)
  A hound zombie (D:8)
  A mummy (D:10)
  3 gnolls (D:4)
  24 adders
  100 river rats
  4 shadow imps
  6 oozes
  An adder zombie (D:5)
  5 worms
  7 adder skeletons
  4 giant geckos
  159 orcs
  18 bats
  7 giant cockroaches
  6 goblins
  7 hobgoblins
  15 jackals
  21 ball pythons
  A giant gecko skeleton (D:7)
  9 giant newts
  A jackal skeleton (D:8)
  34 kobolds
  An orc skeleton (D:10)
  5 quokkas
  2 quokka skeletons
  A quokka zombie (D:6)
  30 rats
  6 fungi
  5 plants
1510 creatures vanquished.

Vanquished Creatures (others)
  A mana viper (Snake:1)
  A slime creature (Swamp:2)
  2 nagas (Snake:1)
  A swamp worm (Swamp:1)
  A slave (D:5)
  A sheep (Lair:7)
  A giant gecko (D:5)
  An orc (Orc:4)
  A giant cockroach (D:5)
  A bush (Lair:4)
  21 fungi
  19 plants
51 creatures vanquished.

Grand Total: 1561 creatures vanquished

Notes
Turn   | Place    | Note
--------------------------------------------------------------
     0 | D:1      | wvc the Minotaur Monk began the quest for the Orb.
     0 | D:1      | Reached XP level 1. HP: 19/19 MP: 0/0
   136 | D:1      | Reached XP level 2. HP: 27/27 MP: 1/1
   239 | D:1      | Reached skill level 5 in Unarmed Combat
   510 | D:2      | Reached XP level 3. HP: 33/33 MP: 2/2
   660 | D:2      | Found a radiant altar of Vehumet.
   663 | D:2      | Found a white marble altar of Elyvilon.
   664 | D:2      | Found an opulent altar of Gozag.
   664 | D:2      | Found a basalt altar of Yredelemnul.
  1107 | D:3      | Reached XP level 4. HP: 35/40 MP: 1/3
  1183 | D:3      | Noticed an ogre
  1205 | D:2      | Killed an ogre
  1205 | D:2      | Reached skill level 6 in Unarmed Combat
  1205 | D:2      | Reached XP level 5. HP: 18/46 MP: 1/4
  1465 | D:3      | Noticed a giant frog
  1470 | D:3      | Killed a giant frog
  1470 | D:3      | Reached skill level 1 in Armour
  1523 | D:3      | Reached XP level 6. HP: 39/53 MP: 3/5
  1579 | D:3      | Noticed an ogre
  1587 | D:3      | Killed an ogre
  1663 | D:3      | Reached skill level 7 in Unarmed Combat
  2154 | D:4      | Reached skill level 5 in Fighting
  2154 | D:4      | Reached skill level 5 in Dodging
  2361 | D:4      | Found a glowing drain.
  2379 | Sewer    | Entered a sewer
  2406 | Sewer    | Reached XP level 7. HP: 58/61 MP: 6/6
  3371 | D:4      | Found a burning altar of Makhleb.
  3590 | D:5      | Entered Level 5 of the Dungeon
  3590 | D:5      | Noticed Pikel
  3590 | D:5      | Noticed Sigmund
  3590 | D:5      | Noticed Duvessa
  3590 | D:5      | Noticed Dowan
  3781 | D:4      | Killed Pikel
  3781 | D:4      | Reached skill level 8 in Unarmed Combat
  3781 | D:4      | Reached XP level 8. HP: 33/70 MP: 0/7
  3993 | D:4      | Killed Duvessa
  4004 | D:4      | Killed Dowan
  4179 | D:5      | Killed Sigmund
  4379 | D:5      | Noticed Blork the orc
  4390 | D:5      | Killed Blork the orc
  4398 | D:5      | Found a staircase to the Ecumenical Temple.
  4407 | Temple   | Entered the Ecumenical Temple
  4415 | Temple   | Became a worshipper of Cheibriados the Contemplative
  4415 | Temple   | Acquired Cheibriados's first power
  4647 | D:5      | Reached skill level 9 in Unarmed Combat
  4659 | D:5      | Reached XP level 9. HP: 28/79 MP: 3/8
  5032 | D:5      | Acquired Cheibriados's second power
  5324 | D:6      | Found a glowing silver altar of Zin.
  5325 | D:6      | Noticed an angel
  5329 | D:6      | Found a shimmering altar of Xom.
  5511 | D:6      | Identified a scroll of acquirement
  5512 | D:6      | Got a jewelled buckler
  5518 | D:6      | Identified the +1 buckler "Waupn" {rPois Dex+3} (You acquired it on level 6 of the Dungeon)
  5904 | D:7      | Reached skill level 1 in Long Blades
  5904 | D:7      | Reached skill level 1 in Invocations
  6230 | D:7      | Acquired Cheibriados's third power
  6972 | D:7      | Reached skill level 5 in Long Blades
  7567 | D:7      | Learned a level 6 spell: Deflect Missiles
  7838 | D:7      | Reached XP level 10. HP: 86/88 MP: 10/12
  7839 | D:7      | Acquired Cheibriados's fourth power
  8113 | D:8      | Reached skill level 1 in Shields
  8339 | D:8      | Found a burning altar of Makhleb.
  8339 | D:8      | Noticed an Executioner
  8734 | D:8      | Paralysed by a crimson imp for 6 turns
  8742 | D:8      | Paralysed by a crimson imp for 3 turns
  8746 | D:8      | Paralysed by a crimson imp for 7 turns
  8757 | D:8      | Paralysed by a crimson imp for 7 turns
  8898 | D:8      | Found a staircase to the Lair.
  9354 | D:9      | Reached skill level 5 in Invocations
  9361 | D:9      | Reached skill level 10 in Long Blades
  9495 | D:9      | Noticed Psyche
  9500 | D:9      | Killed Psyche
  9500 | D:9      | Reached XP level 11. HP: 93/93 MP: 13/13
  9752 | D:9      | Reached skill level 11 in Long Blades
  9908 | D:10     | Entered Level 10 of the Dungeon
  9992 | D:10     | Got an ancient leather armour
  9993 | D:10     | Identified the +2 leather armour "Ymugoeph" {+Blink Int+2 Dex-5} (You found it on level 10 of the Dungeon)
 10111 | D:10     | Noticed Joseph
 10133 | D:10     | Killed Joseph
 10197 | D:10     | Found an ancient bone altar of Kikubaaqudgha.
 10231 | D:10     | Reached skill level 12 in Long Blades
 10291 | D:10     | Gained mutation: You passively map a small area around you. [mutagenic meat]
 10292 | D:10     | Gained mutation: You are occasionally teleported to nearby monsters. [mutagenic meat]
 10293 | D:10     | Gained mutation: You are agile. (Dex +2) [mutagenic meat]
 10366 | D:10     | Noticed Fannar
 10371 | D:10     | Killed Fannar
 10555 | Lair:1   | Entered Level 1 of the Lair of Beasts
 10574 | Lair:1   | Reached skill level 5 in Shields
 10721 | Lair:1   | Reached skill level 13 in Long Blades
 11389 | Lair:2   | Reached skill level 14 in Long Blades
 11457 | Lair:2   | Noticed a four-headed hydra
 11470 | Lair:2   | Killed a four-headed hydra
 11535 | Lair:2   | Reached XP level 12. HP: 101/101 MP: 15/15
 12088 | Lair:2   | Gained mutation: You possess an exceptional clarity of mind. [potion of beneficial mutation]
 12352 | Lair:3   | Reached skill level 15 in Long Blades
 12648 | Lair:3   | Found a staircase to the Swamp.
 12856 | Lair:4   | Noticed a five-headed hydra
 13369 | Lair:4   | Noticed an eight-headed hydra
 13379 | Lair:4   | Killed an eight-headed hydra
 13432 | Lair:4   | Reached skill level 16 in Long Blades
 13459 | Lair:4   | Reached skill level 5 in Armour
 14219 | Lair:5   | Reached XP level 13. HP: 105/108 MP: 16/18
 14655 | Lair:5   | Noticed an eight-headed hydra
 14666 | Lair:5   | Killed an eight-headed hydra
 15078 | Lair:6   | Noticed Maud
 15165 | Lair:6   | Reached skill level 10 in Dodging
 15175 | Lair:6   | Found a staircase to the Snake Pit.
 15724 | Lair:7   | Reached skill level 10 in Fighting
 16003 | Lair:7   | Found a staircase to the Slime Pits.
 16003 | Lair:7   | Found a viscous altar of Jiyva.
 16017 | Lair:7   | Got an ichor-stained chain mail
 16028 | Lair:7   | Identified the +1 chain mail of Sin {rElec rC++ Int+4} (You found it on level 7 of the Lair of Beasts)
 16588 | Lair:8   | Entered Level 8 of the Lair of Beasts
 16599 | Lair:8   | Found a labyrinth entrance.
 16610 | Lair:8   | Reached skill level 10 in Shields
 16626 | Lab      | Entered a labyrinth
 16950 | Lab      | Reached XP level 14. HP: 122/122 MP: 20/20
 17074 | Lab      | Got a pitted cloak
 17085 | Lab      | Identified the cursed +0 cloak of the Evening Star {Regen+} (You found it in a labyrinth)
 17187 | Lair:8   | Reached skill level 10 in Invocations
 18301 | D:11     | Found Qack's Distillery.
 18315 | D:11     | Bought a potion of might for 40 gold pieces
 18315 | D:11     | Bought a potion of curing for 30 gold pieces
 18315 | D:11     | Bought a potion of curing for 30 gold pieces
 18315 | D:11     | Bought a potion of cure mutation for 350 gold pieces
 18315 | D:11     | Bought a potion of curing for 30 gold pieces
 18315 | D:11     | Bought a potion of curing for 30 gold pieces
 18315 | D:11     | Bought a potion of might for 40 gold pieces
 18382 | D:11     | Gained mutation: You are frail (-10% HP). [mutagenic meat]
 18383 | D:11     | Gained mutation: Your system is resistant to poisons. [mutagenic meat]
 18384 | D:11     | Gained mutation: You have supernaturally acute eyesight. [mutagenic meat]
 18385 | D:11     | Lost mutation: You are agile. (Dex +2) [mutagenic meat]
 18386 | D:11     | Gained mutation: Your spells are a little easier to cast, but a little less powerful. [mutagenic meat]
 18389 | D:11     | Lost mutation: You possess an exceptional clarity of mind. [potion of cure mutation]
 18389 | D:11     | Lost mutation: You passively map a small area around you. [potion of cure mutation]
 18389 | D:11     | Lost mutation: You are frail (-10% HP). [potion of cure mutation]
 18389 | D:11     | Lost mutation: Your spells are a little easier to cast, but a little less powerful. [potion of cure mutation]
 18465 | D:11     | Got a brightly glowing bone ring
 19086 | D:12     | Found a staircase to the Orcish Mines.
 19468 | D:12     | Noticed Snorg
 19476 | D:12     | Killed Snorg
 19539 | Orc:1    | Entered Level 1 of the Orcish Mines
 19637 | Orc:2    | Noticed Sonja
 19951 | Orc:4    | Entered Level 4 of the Orcish Mines
 19951 | Orc:4    | Noticed Donald
 19963 | Orc:4    | Killed Donald
 20091 | Orc:4    | Found Bogg's Antique Armour Shoppe.
 20148 | Orc:4    | Reached XP level 15. HP: 134/134 MP: 21/21
 20191 | Orc:4    | Found Banludgh's Antique Weapon Shop.
 20348 | Orc:4    | Found Wicrydot's General Store.
 20356 | Orc:4    | Bought a scroll of acquirement for 728 gold pieces
 20356 | Orc:4    | Bought a scroll of identify for 28 gold pieces
 20356 | Orc:4    | Bought 2 scrolls of identify for 56 gold pieces
 20483 | Orc:4    | Found Iqaczoim's Jewellery Shoppe.
 20677 | Orc:4    | Identified the ring "Qusecson" {+/*Tele MR+ Str+3} (You took it off an orc on level 11 of the Dungeon)
 20904 | Orc:1    | Found Huuzir's Book Boutique.
 21016 | Orc:1    | Found an iron altar of Okawaru.
 21269 | D:13     | Reached skill level 10 in Armour
 21509 | D:13     | Found a gate to the Vaults.
 22123 | Lair:6   | Killed Maud
 22751 | D:14     | Learned a level 2 spell: Blink
 22753 | D:14     | Learned a level 1 spell: Apportation
 22858 | D:14     | Noticed Kirke
 22864 | D:14     | Killed Kirke
 23093 | D:15     | Entered Level 15 of the Dungeon
 23446 | D:15     | Found a staircase to the Depths.
 23580 | D:15     | Reached skill level 17 in Long Blades
 23783 | D:15     | Reached XP level 16. HP: 146/146 MP: 22/22
 24393 | Snake:1  | Entered Level 1 of the Snake Pit
 24395 | Snake:1  | Found Tudalle's Food Emporium.
 24411 | Snake:1  | Noticed Azrael
 24417 | Snake:1  | Noticed Louise
 24424 | Snake:1  | Killed Azrael
 24433 | Snake:1  | Noticed Aizul
 24436 | Snake:1  | Killed Louise
 24454 | Snake:1  | Killed Aizul
 24621 | Snake:1  | Found Bueqalay's Antique Armour Boutique.
 24768 | Snake:1  | Found Tacwuts's Book Emporium.
 24812 | Snake:1  | Found Zotoen's Food Shop.
 24893 | Snake:1  | Found Doomm's General Store.
 25166 | Snake:2  | Reached skill level 18 in Long Blades
 25213 | Snake:2  | Found a white marble altar of Elyvilon.
 25350 | Snake:1  | Bought an agate-encrusted plate armour for 1064 gold pieces
 25360 | Snake:1  | Identified the cursed +0 plate armour of the Hills {rElec rPois Str+3 Slay+2} (You bought it in a shop on level 1 of the Snake Pit)
 25711 | Snake:2  | Got an ancient shield
 25722 | Snake:2  | Identified the +0 shield of the Monkey {rF+ rC+ Int+4 Slay-4} (You acquired it on level 2 of the Snake Pit)
 26040 | Snake:3  | Reached skill level 15 in Shields
 26307 | Snake:4  | Entered Level 4 of the Snake Pit
 26320 | Snake:4  | Reached skill level 19 in Long Blades
 26334 | Snake:4  | Reached XP level 17. HP: 112/154 MP: 23/23
 26483 | Snake:4  | Reached skill level 15 in Fighting
 26500 | Snake:4  | Reached skill level 20 in Long Blades
 27116 | Snake:4  | Got a serpentine rune of Zot
 27706 | Swamp:1  | Entered Level 1 of the Swamp
 27761 | Swamp:1  | Reached XP level 18. HP: 169/169 MP: 24/24
 29908 | Swamp:4  | Entered Level 4 of the Swamp
 30407 | Swamp:4  | Noticed the 27-headed Lernaean hydra
 30421 | Swamp:4  | Killed the 25-headed Lernaean hydra
 30559 | Swamp:4  | Got a decaying rune of Zot
 31163 | D:11     | Reached skill level 15 in Armour
 31319 | Depths:1 | Entered Level 1 of the Depths
 31319 | Depths:1 | Found a gateway to Hell.
 31333 | Depths:1 | Noticed Norris
 31348 | Depths:1 | Paralysed by Norris for 3 turns
 31351 | Depths:1 | HP: 4/176 [Norris/short sword (17)]
 31353 | Depths:1 | Killed Norris
 31353 | Depths:1 | Reached XP level 19. HP: 5/183 MP: 25/25
 31355 | Depths:1 | Noticed Sojobo
 31476 | Depths:1 | HP: 3/183 [Sojobo/the air (17)]
 31477 | Depths:1 | Slain by a tengu reaver

Vault maps used:
D:1:      tarquinn_simple_flora_water_c
D:2:      minitemple
D:4:      nicolae_overflow_crystal_walls, first_bread, portal_sewer_entry_b
D:5:      old_forge, minmay_temple_entry_nine_rooms, uniq_blork_the_orc,
          uniq_pikel, uniq_sigmund, uniq_duvessa
D:6:      grunt_temple_overflow_order_and_chaos_1, kennysheep_generic_room_15
D:7:      serial_bayou, serial_bayou_ford_a, serial_bayou_lagoon_b,
          serial_bayou_pond_e, serial_bayou_crossing, st_stairs_8
D:8:      erik_lair_island, hangedman_little_slice_of_home,
          makhleb_altar_promises_db
D:9:      uniq_psyche
D:10:     lemuel_mausoleum_altar_kikubaaqudgha, uniq_fannar, uniq_joseph
D:11:     wad_guarded_room, serial_shops, shop, kennysheep_cross_room
D:12:     orc_0_dummy, uniq_snorg
D:13:     erik_vaults_2
D:14:     corexii_corridor_pit, uniq_kirke
D:15:     gammafunk_enter_depths_forms, minmay_misc_feat_iff
Temple:   circular_temple_12
Lair:1:   st_stairs_3
Lair:2:   special_room, minivault_11, grunt_forest_large_clearings,
          lemuel_fruit_tree
Lair:3:   swamp_mist, wad_woods_river_01
Lair:4:   roderic_carrion_pond, grunt_megastairs_1
Lair:5:   bh_autumn_forest_stairs
Lair:6:   guppyfry_snake_entry_island, nicolae_volcano_entry_s_turn,
          grunt_megastairs_3, uniq_maud
Lair:7:   slime_altar_1, portal_ice_cave_entry_dragon
Lair:8:   evilmike_catoblepas_cave, lab_entry_generic,
          nicolae_lair_grove_arrangements, infiniplex_staircase_pool_2
Swamp:1:  hangedman_swamp_blocks
Swamp:2:  evilmike_swamp_ruin_house_2, swamp_pool2, infiniplex_staircase_pool
Swamp:3:  serial_swamp_ruin, evilmike_swamp_ruin_house_1,
          evilmike_swamp_ruin_house_4, hangedman_swamp_ruin_wall,
          cheibrodos_swamp_minitomb
Swamp:4:  swamp_old_school
Snake:1:  serial_shops, nicolae_shop_behind_doors, shop, shop, shop,
          nicolae_shop_trees, uniq_aizul, uniq_louise, uniq_azrael
Snake:2:  basic_altar
Snake:3:  nicolae_snake_salamander_stairs
Snake:4:  grunt_snake_rune_pools, grunt_megastairs_2
Orc:1:    serial_shops, nicolae_shop_trees, okawaru_metal_pillars_1_2
Orc:2:    trog_butcher_becter, uniq_sonja
Orc:3:    nicolae_orc_pool_cavern
Orc:4:    grunt_orc_gardens, grunt_orc_garden, grunt_orc_garden,
          grunt_orc_garden, grunt_orc_garden, uniq_donald
Depths:1: enter_ziggurat_b, minmay_misc_feat_encased, hell_entry, spider_trap,
          columned_hall_lemuel, st_stairs_8, serial_sigils_hangedman_snap,
          grunt_tower_of_power, kennysheep_random_hallway, uniq_sojobo,
          uniq_norris
Lab:      labyrinth_watery, nicolae_lab_dead_end
Sewer:    sewer_minmay_w

Action                   |  1- 3 |  4- 6 |  7- 9 | 10-12 | 13-15 | 16-18 | 19-21 || total
-------------------------+-------+-------+-------+-------+-------+-------+-------++-------
Melee: Unarmed           |    73 |   136 |   258 |       |       |       |       ||   467
       Double sword      |       |       |    62 |   509 |   982 |  1035 |     4 ||  2592
       Dagger            |       |       |       |     7 |    52 |       |       ||    59
       Scimitar          |       |       |       |       |       |    77 |       ||    77
Invok: Slouch            |       |       |       |     2 |     1 |       |     3 ||     6
 Abil: Stop Flying       |       |       |       |       |     1 |       |       ||     1
Evoke: Wand              |       |       |     3 |    17 |     1 |       |       ||    21
  Use: Scroll            |       |    11 |    10 |    19 |    20 |    10 |     4 ||    74
       Potion            |       |       |     3 |     3 |     3 |     2 |     5 ||    16
 Stab: Sleeping          |     2 |     4 |     1 |    20 |     3 |       |       ||    30
       Distracted        |       |       |     1 |     3 |     1 |       |       ||     5
       Paralysed         |       |       |       |     1 |       |       |       ||     1
  Eat: Chunk             |       |     2 |     3 |     5 |     6 |     2 |       ||    18
       Fruit             |       |     3 |     5 |     4 |       |       |       ||    12
       Meat ration       |       |       |     1 |     1 |       |       |       ||     2
       Beef jerky        |       |       |       |     2 |     2 |     3 |       ||     7
       Pizza             |       |       |       |     2 |     2 |     1 |       ||     5
       Royal jelly       |       |       |       |       |    11 |     4 |     4 ||    19
